 Dungeon Crawl Stone Soup version 0.18.1-48-g4cf74bf (console) character file.

2209 utis the Conjurer (level 9, 57/57 HPs)
             Began as a Human Air Elementalist on Aug 26, 2016.
             Was an Initiate of Fedhas.
             Quit the game on level 6 of the Dungeon.
             The game lasted 00:42:59 (11340 turns).

utis the Conjurer (Human Air Elementalist)         Turns: 11340, Time: 00:43:00

Health: 57/57      AC:  0    Str:  9    XL:     9   Next: 60%
Magic:  14/14      EV: 16    Int: 16    God:    Fedhas [......]
Gold:   163        SH:  0    Dex: 16    Spells: 5 memorised, 6 levels left

rFire  . . .     SeeInvis .     a - +4 quarterstaff (chaos)
rCold  . . .     Gourm    .     (no armour)
rNeg   + . .     Faith    .     (shield currently unavailable)
rPois  .         Spirit   .     (no helmet)
rElec  .         Dismiss  .     (no cloak)
rCorr  .         Reflect  .     (no gloves)
SustAt .         Harm     .     (no boots)
MR     .....                    (no amulet)
Stlth  ++........               N - ring of positive energy
                                (no ring)

@: repel missiles, not resistant to hostile enchantments, unstealthy
A: no striking features
a: Renounce Religion


You were on level 6 of the Dungeon.
You worshipped Fedhas.
Fedhas was noncommittal.
You were not hungry.

You visited 2 branches of the dungeon, and saw 7 of its levels.

You collected 443 gold pieces.
You spent 280 gold pieces at shops.

Inventory:

Hand Weapons
 a - a +4 quarterstaff of chaos (weapon)
 b - a +0 shortbow
 f - a +2 dagger of speed
 m - a +1 short sword
 C - a +2 whip of flaming
 J - a +2 spear of freezing
Missiles
 d - 97 arrows
 l - 162 stones (quivered)
 o - 55 bolts
 s - 20 sling bullets
 F - 6 needles of paralysis
 L - 18 poisoned needles
 O - a throwing net {=f}
Magical Staves
 h - an uncursed staff of cold {unknown}
Jewellery
 M - an uncursed ring of resist corrosion {unknown}
 N - a ring of positive energy (right hand)
Scrolls
 i - 2 scrolls of recharging
 j - 3 scrolls of enchant weapon
 k - 2 scrolls of noise
 t - a scroll of blinking
 u - 2 scrolls of magic mapping
 y - 2 scrolls of teleportation {@r4}
 A - 3 scrolls of fear
 B - a scroll of amnesia {unknown}
 E - a scroll of enchant armour {unknown}
 H - a scroll of random uselessness {unknown}
Potions
 e - a potion of resistance
 g - 3 potions of heal wounds {@q2}
 n - a potion of curing {unknown}
 r - 2 potions of lignification
 x - a potion of might {unknown}
 z - 2 potions of magic
 I - a potion of haste {unknown}
 P - 2 potions of brilliance {unknown}
Books
 w - a book of Party Tricks

   Spells                             Type                      Level
   a - Summon Butterflies             Summoning                    1
   b - Apportation                    Translocation                1
   c - Tukima's Dance                 Hexes                        3
   d - Alistair's Intoxication        Transmutation/Poison         5
   e - Invisibility                   Hexes                        6
 D - a book of Air

   Spells                             Type                      Level
   a - Shock                          Conjuration/Air              1
   b - Swiftness                      Charms/Air                   2
   c - Repel Missiles                 Charms/Air                   2
   d - Static Discharge               Conjuration/Air              3
   e - Lightning Bolt                 Conjuration/Air              5
Comestibles
 c - 3 bread rations {@e1}
 p - a slice of pizza {@e2}
 q - a fruit {@e2 e!}
 v - 2 meat rations {@e1}
 G - a beef jerky {@e2}


   Skills:
 * Level 0.0 Fighting
 + Level 6.1 Dodging
 - Level 2.0 Stealth
 - Level 3.7 Spellcasting
 - Level 7.1 Conjurations
 - Level 3.0 Summonings
 - Level 7.0 Air Magic


You had 6 spell levels left.
You knew the following spells:

 Your Spells              Type           Power        Failure   Level  Hunger
r - Repel Missiles        Chrm/Air       ##....       10%         2    ##.....
t - Static Discharge      Conj/Air       ####....     3%          3    ###....
z - Shock                 Conj/Air       ####         1%          1    None
B - Summon Butterflies    Summ           ##......     8%          1    None
W - Swiftness             Chrm/Air       ##......     10%         2    ##.....


Dungeon Overview and Level Annotations

Branches:
Dungeon (6/15)             Temple (1/1) D:4

Altars:
Ashenzari
Cheibriados
Elyvilon
Fedhas
Gozag
Kikubaaqudgha
Makhleb
Nemelex Xobeh
Okawaru
Pakellas
Qazlal
Ru
Trog
Vehumet
Yredelemnul
The Shining One

Shops:
D:4 *?%[[   D:6 [

Annotations:
D:3 exclusion: downstairs, Sigmund


Message History

You walk carefully through the fungus.
l - 159 stones (gained 1)
A nearby toadstool withers and dies.
l - 160 stones (gained 1)
l - 161 stones (gained 1)
A nearby toadstool withers and dies.
d - 95 arrows (gained 1)
d - 96 arrows (gained 1)
You swap places.
d - 97 arrows (gained 1)
l - 162 stones (gained 1)
You see here an uncursed shortbow.
Your butterfly disappears in a puff of smoke!
Done exploring.
Done exploring.
You see here a giant club.
There is a stone staircase leading down here.
You aren't carrying any wearable armour.
Enter note: I'm going to go with another god.
Are you sure you want to abandon this character and quit the game? (Confirm with "yes".)

░ ░ ░ ░░░░░░░
░░░░░░░░░░░░░░░░░
░.....░░░░░░░░................
░.░░░..........░..........░░░░
░............p................
░░░░...........░........░....░
░░..........░........░....░
░..........)..............
░..........░.............░
░..........░........░.....
░..........░.............░
░..........░░░░.░░░░......
░░.░░)░░░░......)........░


There were no monsters in sight!

Vanquished Creatures
  Pikel (D:5)
  The ghost of utis the Sneak, an amateur HuAs (D:3)
  Grinder (D:4)
  A sky beast (D:5)
  4 slaves (D:5)
  4 ogres
  3 centaurs
  A giant frog (D:6)
  2 scorpions
  A howler monkey (D:6)
  A crimson imp (D:5)
  An orc priest (D:4)
  2 hounds (D:4)
  Crazy Yiuf (D:5)
  3 worker ants
  An iguana (D:6)
  A mummy (D:5)
  10 adders
  A howler monkey skeleton (D:5)
  3 oozes
  An adder skeleton (D:6)
  2 worms (D:3)
  2 dart slugs
  6 giant geckos
  5 orcs
  9 bats
  6 giant cockroaches
  13 goblins
  9 hobgoblins
  25 jackals
  A quokka (D:3)
  A giant gecko skeleton (D:6)
  9 giant newts
  5 kobolds
  A quokka skeleton (D:6)
  6 rats
144 creatures vanquished.

Vanquished Creatures (others)
  16 toadstools
16 creatures vanquished.

Grand Total: 160 creatures vanquished

Notes
Turn   | Place    | Note
--------------------------------------------------------------
     0 | D:1      | utis the Human Air Elementalist began the quest for the Orb.
     0 | D:1      | Reached XP level 1. HP: 13/13 MP: 3/3
   221 | D:1      | Reached XP level 2. HP: 15/19 MP: 0/5
   834 | D:1      | Reached XP level 3. HP: 21/24 MP: 6/6
  1752 | D:1      | Reached XP level 4. HP: 25/30 MP: 7/7
  2719 | D:2      | Learned a level 2 spell: Swiftness
  2722 | D:2      | Learned a level 2 spell: Repel Missiles
  3022 | D:1      | doh
  3569 | D:2      | Reached XP level 5. HP: 35/35 MP: 8/8
  3868 | D:3      | Learned a level 3 spell: Static Discharge
  4154 | D:3      | Found an iron altar of Okawaru.
  4676 | D:3      | Noticed Sigmund
  4973 | D:3      | Noticed utis's ghost (amateur HuAs)
  5352 | D:3      | Killed utis's ghost
  5352 | D:3      | Reached XP level 6. HP: 16/41 MP: 0/9
  5969 | D:3      | Reached XP level 7. HP: 21/46 MP: 4/10
  6612 | D:4      | Found a staircase to the Ecumenical Temple.
  6635 | D:4      | Reached skill level 5 in Conjurations
  6812 | D:4      | Found Wucs's Food Emporium.
  6850 | D:4      | Learned a level 1 spell: Summon Butterflies
  6867 | Temple   | Entered the Ecumenical Temple
  7083 | Temple   | Became a worshipper of Fedhas Madash
  7151 | D:4      | Found Linlumpoe's General Store.
  7164 | D:4      | Bought a potion of magic for 112 gold pieces
  7164 | D:4      | Bought a scroll of teleportation for 42 gold pieces
  7254 | D:4      | Found a white marble altar of Elyvilon.
  7257 | D:4      | Found an ancient bone altar of Kikubaaqudgha.
  7260 | D:4      | Found a glowing golden altar of the Shining One.
  7334 | D:4      | Found Ticeq's Antique Armour Shoppe.
  7347 | D:4      | Noticed Grinder
  7557 | D:4      | Found Xiseot's Armour Emporium.
  7611 | D:4      | I'm soooo tempted.
  7611 | D:4      | Paralysed by Grinder for 3 turns
  7626 | D:4      | Paralysed by Grinder for 7 turns
  7654 | D:4      | Killed Grinder
  7654 | D:4      | Reached skill level 5 in Air Magic
  7654 | D:4      | Reached XP level 8. HP: 37/52 MP: 8/11
  7779 | D:4      | Found Duushex's Magic Scroll Shop.
  7782 | D:4      | Bought a scroll of identify for 24 gold pieces
  7782 | D:4      | Bought a scroll of teleportation for 36 gold pieces
  7782 | D:4      | Bought a scroll of identify for 24 gold pieces
  7782 | D:4      | Bought a scroll of fear for 42 gold pieces
  7834 | D:5      | Entered Level 5 of the Dungeon
  8331 | D:5      | Reached skill level 5 in Dodging
  9668 | D:5      | Noticed Pikel
  9678 | D:5      | Killed Pikel
  9678 | D:5      | Reached XP level 9. HP: 15/57 MP: 2/14
 10157 | D:5      | eh
 10276 | D:5      | Noticed Crazy Yiuf
 10298 | D:5      | Killed Crazy Yiuf
 10498 | D:6      | Found a radiant altar of Vehumet.
 10708 | D:6      | Reached skill level 1 in Summonings
 11147 | D:6      | Found Tuskeptu's Antique Armour Emporium.
 11340 | D:6      | I'm going to go with another god.
 11340 | D:6      | Quit the game

Skill      XL: |  1  2  3  4  5  6  7  8  9 |
---------------+----------------------------+-----
Conjurations   | 2 3 4 5 6 7 |  7.1
Dodging        | 3 4 5 6 |  6.1
Air Magic      | 4 5 6 7 |  7.0
Spellcasting   | 3 |  3.7
Summonings     | 3 |  3.0
Stealth        | |  2.0

Action                   |  1- 3 |  4- 6 |  7- 9 || total
-------------------------+-------+-------+-------++-------
Melee: Dagger            |    26 |   101 |    23 ||   150
       Unarmed           |     1 |       |       ||     1
       Short sword       |     7 |    46 |       ||    53
       Spear             |       |       |    19 ||    19
       Quarterstaff      |       |       |    20 ||    20
 Fire: Shortbow          |       |       |    21 ||    21
Throw: Stone             |    17 |    90 |    49 ||   156
 Cast: Shock             |    26 |    50 |   103 ||   179
       Repel Missiles    |       |     1 |       ||     1
       Swiftness         |       |       |     5 ||     5
       Summon Butterflie |       |       |     1 ||     1
  Use: Scroll            |       |     8 |     7 ||    15
 Stab: Sleeping          |     4 |     2 |     3 ||     9
  Eat: Chunk             |     3 |    13 |    16 ||    32
       Fruit             |       |     1 |     2 ||     3
Dodge: Dodged            |    26 |   100 |    90 ||   216
       Deflected         |       |       |     2 ||     2
